 Dungeon Crawl Stone Soup version 0.31-a0-232-gb1c03b2570 (webtiles) character file.

Game seed: 16394489850767343818

96 qw the Shooter (level 4, 0/26 HPs)
             Began as a Gargoyle Hexslinger on July 7, 2023.
             Slain by Natasha (3 damage)
             ... on level 2 of the Dungeon.
             The game lasted 00:00:38 (1863 turns).

qw the Shooter (Gargoyle Hexslinger)                Turns: 1863, Time: 00:00:39

Health: 0/26       AC:  6    Str: 12    XL:     4   Next: 67%
Magic:  5/5        EV: 12    Int: 13    God:
Gold:   24         SH:  0    Dex: 14    Spells: 4/5 levels left

rFire   . . .        Y - +1 sling
rCold   . . .        (no shield)
rNeg    + . .        c - +0 robe
rPois   inf          (no helmet)
rElec   +            d - +0 cloak
rCorr   .            (no gloves)
SInv    .            (no boots)
Will    .....        (no amulet)
Stlth   +            (no ring)
HPRegen 0.24/turn    (no ring)
MPRegen 0.09/turn

%: no passive effects
@: no status effects
A: sickness immunity, AC +3, negative energy resistance 1, electricity
resistance, torment resistance 1, petrification resistance
a: no special abilities


You were on level 2 of the Dungeon.
You visited 1 branch of the dungeon, and saw 2 of its levels.

You collected 47 gold pieces.
You spent 23 gold pieces at shops.


Innate Abilities, Weirdness & Mutations

You are immune to sickness and miasma.
Your stone body is resilient. (AC +3)
You are immune to poison.
You resist negative energy. (rN+)
You are resistant to electric shocks. (rElec)
You are resistant to unholy torment.
You are immune to petrification.


   Skills:
 - Level 2.0 Fighting
 + Level 4.4 Ranged Weapons
 - Level 1.5 Dodging
 - Level 1.0 Spellcasting
 - Level 2.6 Hexes


You had 4 spell levels left.
You knew the following spells:

 Your Spells              Type           Power      Damage    Failure   Level
a - Slow                  Hex            28%        N/A       10%         1

Your spell library contained the following spells:

 Spells                   Type           Power      Damage    Failure   Level
 Inner Flame              Hex/Fire       4%         N/A       43%         3
 Portal Projectile        Hex/Tloc       8%         N/A       43%         3
 Cause Fear               Hex            3%         N/A       67%         4

Inventory:

Hand Weapons
 Y - a +1 sling (weapon)
Armour
 b - a +0 leather armour
 c - a +0 robe (worn)
 d - a +0 cloak (worn)
Scrolls
 a - 2 scrolls of identify
 h - a scroll of silence {unknown}
 i - a scroll of fog {unknown}
 k - a scroll of enchant armour {unknown}
Potions
 e - 2 potions of haste {unknown}
 f - a potion of berserk rage {unknown}
 g - a potion of heal wounds {unknown}
 j - a potion of enlightenment {unknown}

Dungeon Overview and Level Annotations

Branches:
Dungeon (2/15)

Altars:

Shops:
D:2 *

Annotations:
D:2 Natasha


Message History

The sling bullet closely misses the hobgoblin.
You shoot a sling bullet.
The sling bullet barely misses the hobgoblin.
The hobgoblin hits you.
You shoot a sling bullet. The sling bullet hits the hobgoblin.
The hobgoblin is almost dead.
The hobgoblin misses you.
You shoot a sling bullet. The sling bullet hits the hobgoblin!
You kill the hobgoblin!
Natasha, Servant of Life and Death comes into view.
You shoot a sling bullet.
The sling bullet closely misses Natasha.
Natasha hisses angrily.
You shoot a sling bullet. The sling bullet barely misses Natasha.
Natasha claws you.
You shoot a sling bullet.
The sling bullet closely misses Natasha.
Natasha misses you.
You shoot a sling bullet. The sling bullet barely misses Natasha.
Natasha claws you.
You shoot a sling bullet.
The sling bullet closely misses Natasha.
Natasha claws you but does no damage.
You shoot a sling bullet. The sling bullet hits Natasha.
Natasha is moderately wounded.
Natasha claws you. x2
You shoot a sling bullet.
The sling bullet closely misses Natasha.
Natasha casts a spell at you. The magic dart hits you!
You shoot a sling bullet.
The sling bullet closely misses Natasha.
Natasha barely misses you.
You shoot a sling bullet.
The sling bullet closely misses Natasha.
Natasha claws you but does no damage.
You shoot a sling bullet.
The sling bullet closely misses Natasha.
Natasha claws you.
You die...

#.....## ######
#......#
#....#########.###
#.##..............
#.##........[#.#..
#.##..)#..........
#####.##....#....#.#..
#...h.##.#########.###
#@...###..#.(##.##
#%#####.##.#####.# #.#
#.####..####. #..
#.######.##.# ...
##.8# ##..## #..#
############ #..#
##........... #..#
#~~~~~~~~~~~~
#~~~~~~~~~~~~


You could see Natasha.

Vanquished Creatures
  Jessica (D:2)
  2 adders (D:2)
  A dart slug (D:1)
  5 endoplasms
  3 goblins
  5 hobgoblins (D:2)
  10 jackals
  A quokka (D:2)
  6 ball pythons
  2 bats
  2 frilled lizards
  3 kobolds
  8 rats
49 creatures vanquished.

Notes
Turn   | Place    | Note
-------+----------+-------------------------------------------
     0 | D:1      | qw the Gargoyle Hexslinger began the quest for the Orb.
     0 | D:1      | Reached XP level 1. HP: 12/12 MP: 2/2
     0 | D:1      | 0 ||| qw: Version: 0.3-a-46-gb1f654a
     0 | D:1      | 0 ||| qw: Game counter: 2224
     0 | D:1      | 0 ||| qw: Melee chars always use a shield: true
     0 | D:1      | 0 ||| qw: God list: Okawaru
     0 | D:1      | 0 ||| qw: Allow faded altars: false
     0 | D:1      | 0 ||| qw: Do Orc after clearing Dungeon:15 true
     0 | D:1      | 0 ||| qw: Do second Lair branch before Depths: true
     0 | D:1      | 0 ||| qw: Lair rune preference: random
     0 | D:1      | 0 ||| qw: Goals: Normal
     0 | D:1      | 0 ||| PLANNING D:1-11
   197 | D:1      | HP: 1/12 [jackal (3)]
   198 | D:1      | Reached XP level 2. HP: 2/16 MP: 3/3
   358 | D:1      | Reached skill level 3 in Ranged Weapons
   701 | D:1      | Found a faded altar of an unknown god.
   946 | D:1      | 946 ||| UPGRADING to +0 cloak.
   951 | D:1      | 951 ||| READING 2 scrolls labelled QOLLOCEAVYM.
   952 | D:1      | 952 ||| READING scroll labelled CEAQAE IWECYTZUOSE.
   953 | D:1      | 953 ||| DROPPING scroll of poison.
  1011 | D:2      | Reached XP level 3. HP: 6/21 MP: 4/4
  1014 | D:2      | HP: 3/21 [quokka (4)]
  1231 | D:2      | Noticed Jessica
  1235 | D:2      | Killed Jessica
  1236 | D:2      | Reached skill level 4 in Ranged Weapons
  1236 | D:2      | Reached XP level 4. HP: 26/26 MP: 5/5
  1341 | D:2      | Found Pafomata's Assorted Antiques.
  1347 | D:2      | 1347 ||| BUYING gluggy blue potion (23 gold).
  1347 | D:2      | Bought a gluggy blue potion for 23 gold pieces
  1347 | D:2      | 1347 ||| SHOPLISTING gluggy blue potion (23 gold, have 0).
  1347 | D:2      | 1347 ||| SHOPLISTING pair of boots (117 gold, have 0).
  1347 | D:2      | 1347 ||| SHOPLISTING runed ring mail (182 gold, have 0).
  1347 | D:2      | 1347 ||| SHOPLISTING scroll labelled ZIREUCRO SOEDE (26
                  | gold, have 0).
  1347 | D:2      | 1347 ||| SHOPLISTING scroll of identify (52 gold, have 0).
  1347 | D:2      | 1347 ||| SHOPLISTING twisted copper ring (130 gold, have
                  | 0).
  1853 | D:2      | Noticed Natasha
  1860 | D:2      | HP: 2/26 [Natasha/magic dart (7)]
  1863 | D:2      | Slain by Natasha

Levels and vault maps discovered:
D:1:      psy_arrival_radial02, layout_loops_ring,
          shapermc_ecumenical_altar_acropolis, serial_bayou_crossing
D:2:      wad_river_or_something, layout_basic, serial_shops, shop,
          uniq_natasha, uniq_jessica

Skill      XL: |  1  2  3 |
---------------+----------+-----
Ranged Weapons | 3 4 |  4.4
Fighting       | 2 |  2.0
Dodging        | |  1.5
Spellcasting   | |  1.0
Hexes          | |  2.6

Action                     |  1- 3 |  4- 6 || total
---------------------------+-------+-------++-------
   Fire: Sling             |   117 |    58 ||   175
    Use: Scroll            |     2 |       ||     2
 Armour: Robe              |    48 |     7 ||    55
  Dodge: Dodged            |    89 |    10 ||    99

Table legend:
 A = Non-vault XP
 B = Vault XP
 C = Vault XP percentage of total XP
 D = Non-vault monster count
 E = Vault monster count
 F = Vault count percentage of total count
                 A         B        C        D         E       F
            +---------+---------+-------+---------+---------+-------
      Total |      73 |      65 |  47.1 |      39 |      10 |  20.4
            +---------+---------+-------+---------+---------+-------
        D:1 |      28 |       0 |   0.0 |      18 |       0 |   0.0
        D:2 |      45 |      65 |  59.1 |      21 |      10 |  32.3
            +---------+---------+-------+---------+---------+-------
